 Dungeon Crawl Stone Soup version 0.21.1-1-g345015fe64 (webtiles) character file.

65 LisaTheBanana the Shield-Bearer (level 4, 0/37 HPs)
             Began as a Formicid Fighter on Apr 8, 2018.
             Slain by LisaTheBanana's ghost (4 damage)
             ... on level 3 of the Dungeon.
             The game lasted 00:08:05 (1980 turns).

LisaTheBanana the Shield-Bearer (Formicid Fighter)  Turns: 1980, Time: 00:08:06

Health: 0/37       AC:  9    Str: 22    XL:     4   Next: 35%
Magic:  4/4        EV:  6    Int:  7    God:
Gold:   135        SH:  9    Dex: 10    Spells: 3/3 levels left

rFire    . . .     SeeInvis +   a - +0 long sword
rCold    . . .     Gourm    .   c - +0 shield
rNeg     . . .     Faith    .   i - +0 chain mail
rPois    .         Spirit   .   (helmet unavailable)
rElec    .         Reflect  .   (no cloak)
rCorr    .         Harm     .   (no gloves)
MR       .....                  (no boots)
Stlth    ..........             (no amulet)
HPRegen  0.12/turn              (no ring)
MPRegen  0.09/turn              (no ring)

@: no status effects
A: permanent stasis, dig shafts and tunnels, four strong arms, antennae 3
a: Dig, Shaft Self


You were on level 3 of the Dungeon.
You were not hungry.

You visited 1 branch of the dungeon, and saw 3 of its levels.

You collected 135 gold pieces.

Inventory:

Hand Weapons
 a - a +0 long sword (weapon)
Armour
 b - a +0 scale mail
 c - a +0 shield (worn)
 i - a +0 chain mail (worn)
Jewellery
 o - a cursed +3 amulet of reflection {unknown}
 q - a +5 ring of intelligence {unknown}
Scrolls
 e - 2 scrolls of enchant armour {unknown}
 g - 4 scrolls of remove curse {unknown}
 h - a scroll of enchant weapon {unknown}
 k - 4 scrolls of teleportation {unknown}
 n - a scroll of amnesia {unknown}
 p - a scroll of magic mapping {unknown}
 r - a scroll of identify
Potions
 d - a potion of might
 j - a potion of flight {unknown}
 l - a potion of invisibility {unknown}
 m - a potion of haste {unknown}
 s - a potion of cancellation {unknown}
Comestibles
 f - 4 rations
 t - 4 chunks of flesh


   Skills:
 + Level 4.0 Fighting
 + Level 2.8 Long Blades
 + Level 3.5 Armour
 + Level 0.1 Dodging
 + Level 4.4 Shields


You had 3 spell levels left.
You didn't know any spells.

Dungeon Overview and Level Annotations

Branches:
Dungeon (3/15)

Altars:

Annotations:
D:3 LisaTheBanana's ghost, amateur FoFi


Innate Abilities, Weirdness & Mutations

You cannot be hasted, slowed, berserked, paralysed or teleported.
You can dig through walls and to a lower floor.
Your four strong arms can wield two-handed weapons with a shield.
You have a pair of large antennae on your head. (SInv)


Message History

LisaTheBanana's ghost hits you.
You barely miss LisaTheBanana's ghost.
LisaTheBanana's ghost is moderately damaged.
LisaTheBanana's ghost hits you!
* * * LOW HITPOINT WARNING * * *
You block LisaTheBanana's ghost's attack.
You barely miss LisaTheBanana's ghost.
LisaTheBanana's ghost is moderately damaged.
LisaTheBanana's ghost barely misses you.
You riposte.
You barely miss LisaTheBanana's ghost.
LisaTheBanana's ghost is moderately damaged.
Your shield and chain mail prevent you from hitting LisaTheBanana's ghost.
LisaTheBanana's ghost is moderately damaged.
You block LisaTheBanana's ghost's attack.
LisaTheBanana's ghost hits you.
* * * LOW HITPOINT WARNING * * *
You hit LisaTheBanana's ghost.
LisaTheBanana's ghost is heavily damaged.
LisaTheBanana's ghost hits you.
You die...

#.# #...
###.#{{ ####
#...# #####.#
#.....#
#.#####.#
#.......#
#.W######
######@.#
#.......######
#.###........#
#.# #..†.....#
#.# #........#
#.###........#
#......#######
########


You could see LisaTheBanana's ghost.

Vanquished Creatures
  An adder (D:3)
  An ooze (D:1)
  A worm (D:2)
  A dart slug (D:1)
  A leopard gecko (D:1)
  3 orcs (D:3)
  6 goblins
  2 hobgoblins
  3 jackals (D:1)
  2 quokkas
  A ball python (D:3)
  8 bats
  7 frilled lizards
  2 kobolds
  5 rats
44 creatures vanquished.

Notes
Turn   | Place    | Note
-------+----------+-------------------------------------------
     0 | D:1      | LisaTheBanana the Formicid Fighter began the quest for the Orb.
     0 | D:1      | Reached XP level 1. HP: 18/18 MP: 1/1
   110 | D:1      | Reached XP level 2. HP: 19/24 MP: 2/2
   343 | D:1      | Reached XP level 3. HP: 18/30 MP: 3/3
   764 | D:1      | You fall through a shaft!
  1612 | D:2      | You fall through a shaft!
  1630 | D:3      | Reached XP level 4. HP: 29/37 MP: 4/4
  1964 | D:3      | Noticed LisaTheBanana's ghost (amateur FoFi)
  1980 | D:3      | Slain by LisaTheBanana's ghost

Skill      XL: |  1  2  3  4 |
---------------+-------------+-----
Shields        | 4 |  4.4
Fighting       | 4 |  4.0
Long Blades    | |  2.8
Armour         | |  3.5
Dodging        | |  0.1

Action                   |  1- 3 |  4- 6 || total
-------------------------+-------+-------++-------
Melee: Long sword        |   156 |    39 ||   195
 Abil: Shaft Self        |     2 |       ||     2
  Use: Scroll            |     1 |       ||     1
  Eat: Chunk             |     2 |     3 ||     5
Armor: Scale mail        |     4 |       ||     4
       Chain mail        |   106 |     8 ||   114
Dodge: Dodged            |    45 |    10 ||    55
Block: Shield            |   101 |    25 ||   126
       Rpst.: Long sword |    15 |     4 ||    19
